 Dungeon Crawl Stone Soup version 0.28-a0-1199-gef9e1dbd39 (webtiles) character file.

Game seed: 13651227816864923659

36 cal3b6 the Digger (level 3, 0/26 HPs)
             Began as a Ghoul Earth Elementalist on Dec 19, 2021.
             Slain by an iguana (11 damage)
             ... on level 3 of the Dungeon.
             The game lasted 00:09:29 (2698 turns).

cal3b6 the Digger (Ghoul Earth Elementalist)        Turns: 2698, Time: 00:09:30

Health: 0/26       AC:  2    Str: 11    XL:     3   Next: 37%
Magic:  2/5        EV: 12    Int: 12    God:
Gold:   79         SH:  0    Dex:  9    Spells: 5/6 levels left

rFire   + . .      SeeInvis .   h - +0 trident
rCold   + + .      Faith    .   (no shield)
rNeg    + + +      Spirit   .   b - +0 robe
rPois   ∞          Reflect  .   (no helmet)
rElec   .          Harm     .   d - scarf {rC+ rF+}
rCorr   .          Rampage  .   (no gloves)
Will    .....                   (no boots)
Stlth   ++........              (no amulet)
HPRegen 0.00/turn               (no ring)
MPRegen 0.09/turn               (no ring)

@: inhibited regen
A: claws 1, cold resistance 1, negative energy resistance 3, inhibited
regeneration, torment resistance 2
a: no special abilities


You were on level 3 of the Dungeon.
You visited 1 branch of the dungeon, and saw 3 of its levels.

You collected 79 gold pieces.

Inventory:

Hand Weapons
 h - a +0 trident (weapon)
Missiles
 c - 41 stones
Armour
 b - a +0 robe (worn)
 d - a scarf of resistance (worn)
Magical Staves
 i - a staff of fire
Scrolls
 f - a scroll of identify
Potions
 a - 2 potions of might
 e - a potion of curing {unknown}
 g - a potion of flight {unknown}


   Skills:
 + Level 2.3 Dodging
 + Level 2.6 Stealth
 + Level 2.1 Spellcasting
 + Level 0.8 Transmutations
 + Level 3.8 Earth Magic


You had 5 spell levels left.
You knew the following spells:

 Your Spells              Type           Power      Damage    Failure   Level
a - Sandblast             Erth           20%        2d7       5%          1

Your spell library contained the following spells:

 Spells                   Type           Power      Damage    Failure   Level
 Passwall                 Tmut/Erth      5%         N/A       16%         2
 Stone Arrow              Conj/Erth      10%        3d7       36%         3
 Corpse Rot               Necr/Air       2%         N/A       38%         2
 Poisonous Vapours        Pois/Air       2%         N/A       38%         2
 Petrify                  Tmut/Erth      6%         N/A       71%         4


Dungeon Overview and Level Annotations

Branches:
Dungeon (3/15)

Altars:


Innate Abilities, Weirdness & Mutations

You thrive by killing the living.
You are immune to poison.
You have sharp fingernails.
Your flesh is cold resistant. (rC+)
You are immune to negative energy. (rN+++)
You do not regenerate when monsters are visible.
You are immune to unholy pain and torment.


Message History

You miscast Sandblast.
You are very lightly contaminated with residual magic.
Nothing appears to happen.
The orc misses you.
Casting: Sandblast (safe; 5% risk of failure)
Confirm with . or Enter, or press ? or * to list all spells.
Aiming: Sandblast (safe; 5% risk of failure)
Press: ? - help, Shift-Dir - straight line, f/p - orc
Aim: an orc, wielding a +0 whip and wearing a +0 chain mail (85% to hit)
The blast of sand hits the orc but does no damage.
The orc hits you with a +0 whip.
You hit the orc.
The orc is heavily wounded.
An orc comes into view. It is wielding a +0 hand axe.
The orc hits you with a +0 whip.
An orc comes into view. It is wielding a +0 hand axe.
The orc shouts!
You hit the orc but do no damage.
The orc is heavily wounded.
The orc hits you with a +0 whip. x2
You see here a rat corpse.
Your magical contamination has completely faded away.
An orc comes into view. It is wielding a +0 club.
An orc comes into view.
It is wielding a +1 short sword of venom.
The orc shouts!
A goblin comes into view. It is wielding a +0 club.
Found a scroll of identify.
The goblin shouts!
The goblin moves out of view.
A ball python comes into view.
You hear the slow rusting of a drain nearby.
An iguana comes into view.
Found 2 gold pieces.
Casting: Sandblast (safe; 5% risk of failure)
Confirm with . or Enter, or press ? or * to list all spells.
Aiming: Sandblast (safe; 5% risk of failure)
Press: ? - help, Shift-Dir - straight line, f - iguana, p - orc
Aim: an iguana (82% to hit)
The blast of sand hits the iguana but does no damage.
The iguana bites you!
You die...

....................
.$....###..........#
......# #..o........
#....####o.........
#..#..o..........
#..o............
#...............
#######og.............
#....@l...............
#...#####.............
. #.............
#............
............
.......##### .......#
.......#


You could see an iguana, 4 orcs and a goblin.

Vanquished Creatures
  An adder (D:2)
  An orc (D:3)
  An endoplasm (D:2)
  2 giant cockroaches
  3 goblins
  A hobgoblin (D:2)
  2 quokkas (D:2)
  3 ball pythons (D:1)
  4 bats
  2 frilled lizards
  2 kobolds
  3 rats
25 creatures vanquished.

Notes
Turn   | Place    | Note
-------+----------+-------------------------------------------
     0 | D:1      | cal3b6 the Ghoul Earth Elementalist began the quest for the
                  | Orb.
     0 | D:1      | Reached XP level 1. HP: 14/14 MP: 2/2
   582 | D:1      | Found a faded altar of an unknown god.
   746 | D:1      | Reached XP level 2. HP: 20/20 MP: 1/3
  2139 | D:2      | Reached XP level 3. HP: 19/26 MP: 1/5
  2698 | D:3      | Slain by an iguana

Illustrated notes

Levels and vault maps discovered:
D:1:      lemuel_arrival_rhombus, layout_loops_corners,
          hellmonk_ecumenical_altar_arch_garden
D:2:      layout_basic
D:3:      layout_rooms, gup_sewer_entry_spiral

Skill      XL: |  1  2 |
---------------+-------+-----
Dodging        | 2 |  2.3
Spellcasting   | 2 |  2.1
Stealth        | |  2.6
Transmutations | |  0.8
Earth Magic    | |  3.8

Action                   || total
-------------------------++-------
Melee: Unarmed           ||    24
       Trident           ||     3
 Cast: Sandblast         ||    37
  Use: Scroll            ||     1
Armor: Robe              ||    10
Dodge: Dodged            ||    27

Table legend: (Time is in decaauts)
 A = Elapsed time spent in this place.
 B = Non-inter-level travel time spent in this place.
 C = Inter-level travel time spent in this place.
 D = Time resting spent in this place.
 E = Time spent auto-exploring this place.
 F = Levels seen in this place.
 G = Mean time per level.
                   A        B        C        D        E       F      G
               +--------+--------+--------+--------+--------+-----+--------+
         Total |   2698 |   2629 |     69 |   1142 |   1219 |   3 |  899.3 |
       Dungeon |   2698 |   2629 |     69 |   1142 |   1219 |   3 |  899.3 |
               +--------+--------+--------+--------+--------+-----+--------+

Top non-repeatable levels by time:
     D:2: 1394 daAuts
     D:1: 1191 daAuts
     D:3: 112 daAuts
